 Dungeon Crawl Stone Soup version 0.21.1-1-g345015f (webtiles) character file.

65 inc the Scratcher (level 3, 0/17 HPs)
             Began as a Felid Chaos Knight on Feb 23, 2018.
             Slain by a leopard gecko (3 damage)
             ... on level 3 of the Dungeon.
             The game lasted 00:03:18 (1688 turns).

inc the Scratcher (Felid Chaos Knight)              Turns: 1688, Time: 00:03:18

Health: 0/17       AC:  1    Str:  8    XL:     3   Next: 92%
Magic:  4/4        EV: 18    Int: 14    God:    Xom [......]
Gold:   92         SH:  0    Dex: 15    Spells: 2/2 levels left
                                        Lives:  0   Deaths: 0

rFire    . . .     SeeInvis +     - Unarmed
rCold    . . .     Gourm    .   (shield unavailable)
rNeg     . . .     Faith    .   (armour unavailable)
rPois    .         Spirit   .   (helmet unavailable)
rElec    .         Reflect  .   (cloak unavailable)
rCorr    .         Harm     .   (gloves unavailable)
MR       .....                  (boots unavailable)
Stlth    ++........             (no amulet)
HPRegen  0.05/turn              (no ring)
MPRegen  0.09/turn              (no ring)

@: lethally poisoned (0 -> -6), quick
A: very small, no armour, no weapons or thrown items, stealth, claws 1, fangs 3,
see invisible, carnivore, speed 1, shaggy fur 1, slow metabolism 1, sharp paws
a: Renounce Religion


You were on level 3 of the Dungeon.
You worshipped Xom.
You were a very special plaything of Xom.
You were completely stuffed.

You visited 1 branch of the dungeon, and saw 3 of its levels.

You collected 92 gold pieces.

Inventory:

Scrolls
 b - 4 scrolls of identify
 e - a scroll of teleportation
Comestibles
 a - 6 rations
 c - 3 chunks of flesh


   Skills:
 - Level 3.0 Fighting
 - Level 3.2 Dodging
 + Level 4.9 Unarmed Combat


You had 2 spell levels left.
You didn't know any spells.

Dungeon Overview and Level Annotations

Branches:
Dungeon (3/15)

Altars:
Dithmenos
Elyvilon


Innate Abilities, Weirdness & Mutations

You cannot wear armour.
You are incapable of wielding weapons or throwing items.
Your paws allow you to move quietly. (Stealth)
You have sharp claws.
You have razor-sharp teeth.
You have supernaturally acute eyesight. (SInv)
You are carnivorous and can eat meat at any time.
You cover ground quickly.
You are covered in fur. (AC +1)
You have a slow metabolism.
Your sharp claws are effective at attacking unaware monsters.


Message History

The leopard gecko bites you. The orc closely misses you.
The adder closely misses you.
The orc throws a tomahawk.
The tomahawk barely misses you.
You aren't carrying any potions.
As you read the scroll labeled TITECU POGG, it crumbles to dust.
The creatures around you are filled with an inner flame!
It was a scroll of immolation.
You feel sick. The leopard gecko barely misses you. The adder bites you.
* * * LOW HITPOINT WARNING * * *
The leopard gecko misses you.
As you read the scroll labeled PYSOMO ENUA, it crumbles to dust.
You feel blessed for a moment.
It was a scroll of remove curse.
The adder closely misses you. The leopard gecko bites you.
* * * LOW HITPOINT WARNING * * *
The adder closely misses you.
As you read the scroll labeled QUECU WAISKI, it crumbles to dust.
It is a scroll of enchant armour.
You aren't carrying any armour which can be enchanted further.
The leopard gecko bites you.
You die...

..#
#######....#
..# #....#
..#####
#....#########
......#
#..(...†(....#
.>....#
#............#
......#
###...(......#
......#
#..........#
......#
#..........#
#...###
####@)........#
##.#
#..Sl.........#
...
#...o.........#
#+#
#......[....$.
............).
........#######
..........#
..........#
#####.....#


You could see an adder (inner flame), an orc (inner flame) and a leopard gecko
(inner flame).

Vanquished Creatures
  2 adders (D:3)
  An ooze (D:3)
  A worm (D:2)
  A dart slug (D:1)
  A leopard gecko (D:3)
  3 hobgoblins
  6 jackals
  6 bats
  3 frilled lizards (D:2)
  5 goblins
  4 kobolds
  2 rats
35 creatures vanquished.

Vanquished Creatures (others)
  4 toadstools (D:1)
4 creatures vanquished.

Grand Total: 39 creatures vanquished

Notes
Turn   | Place    | Note
-------+----------+-------------------------------------------
     0 | D:1      | inc the Felid Chaos Knight began the quest for the Orb.
     0 | D:1      | Reached XP level 1. HP: 10/10 MP: 2/2
   110 | D:1      | XOM: divination: detect items
   308 | D:1      | Reached XP level 2. HP: 14/14 MP: 3/3
   469 | D:1      | XOM: harmless Chrm miscast
   678 | D:2      | Found a faded altar of an unknown god.
   834 | D:2      | Reached skill level 4 in Unarmed Combat
   857 | D:2      | XOM: harmless Ice miscast
  1088 | D:2      | Found a white marble altar of Elyvilon.
  1146 | D:2      | Reached XP level 3. HP: 17/17 MP: 4/4
  1170 | D:2      | Found a shadowy altar of Dithmenos.
  1464 | D:2      | XOM: 1-stop teleportation journey
  1688 | D:3      | Slain by a leopard gecko

Skill      XL: |  1  2 |
---------------+-------+-----
Unarmed Combat | 4 |  4.9
Fighting       | |  3.0
Dodging        | |  3.2

Action                   || total
-------------------------++-------
Melee: Unarmed           ||   107
       Bite              ||     6
       Punch             ||     2
  Use: Potion            ||     5
       Scroll            ||     5
 Stab: Sleeping          ||     7
  Eat: Chunk             ||     9
Armor: Skin              ||     6
Dodge: Dodged            ||    89
